 Dungeon Crawl Stone Soup version 0.26-a0-707-g31817bcca1 (webtiles) character file.

Game seed: 17543831751171705075

21 robertstho the Chiller (level 2, -1/20 HPs)
             Began as a Gnoll Ice Elementalist on Oct 26, 2020.
             Slain by a worm (5 damage)
             ... on level 1 of the Dungeon.
             The game lasted 00:01:02 (1139 turns).

robertstho the Chiller (Gnoll Ice Elementalist)     Turns: 1139, Time: 00:01:03

Health: -1/20      AC:  2    Str: 10    XL:     2   Next: 83%
Magic:  0/7        EV: 14    Int: 17    God:
Gold:   15         SH:  0    Dex: 15    Spells: 9/10 levels left

rFire    . . .     SeeInvis .   f - +0 dagger
rCold    . . .     Faith    .   (no shield)
rNeg     . . .     Spirit   .   a - +0 robe
rPois    .         Reflect  .   (no helmet)
rElec    .         Harm     .   (no cloak)
rCorr    .         Rampage  .   (no gloves)
MR       .....                  (no boots)
Stlth    +++.......             (no amulet)
HPRegen  0.06/turn              (no ring)
MPRegen  0.10/turn              (no ring)

@: no status effects
A: distributed training, fangs 1, strong nose
a: no special abilities


You were on level 1 of the Dungeon.
You visited 1 branch of the dungeon, and saw 2 of its levels.

You collected 15 gold pieces.

Inventory:

Hand Weapons
 f - a +0 dagger (weapon)
Armour
 a - a +0 robe (worn)
Scrolls
 b - 3 scrolls of magic mapping {unknown}
 c - a scroll of enchant armour {unknown}
 d - a scroll of identify {unknown}
 e - 2 scrolls of teleportation {unknown}
Potions
 g - a potion of invisibility {unknown}
 h - a potion of curing {unknown}


   Skills:
 + Level 0.5 Fighting
 + Level 0.5 Short Blades
 + Level 0.5 Long Blades
 + Level 0.5 Axes
 + Level 0.5 Maces & Flails
 + Level 0.5 Polearms
 + Level 0.5 Staves
 + Level 0.5 Slings
 + Level 0.5 Bows
 + Level 0.5 Crossbows
 + Level 0.5 Throwing
 + Level 0.5 Armour
 + Level 4.5 Dodging
 + Level 4.1 Stealth
 + Level 0.5 Shields
 + Level 0.5 Unarmed Combat
 + Level 4.9 Spellcasting
 + Level 0.3 Conjurations
 + Level 0.3 Hexes
 + Level 0.3 Summonings
 + Level 0.3 Necromancy
 + Level 0.3 Translocations
 + Level 0.3 Transmutations
 + Level 0.3 Fire Magic
 + Level 7.0 Ice Magic
 + Level 0.3 Air Magic
 + Level 0.3 Earth Magic
 + Level 0.3 Poison Magic
 + Level 0.6 Invocations
 + Level 0.5 Evocations


You had 9 spell levels left.
You knew the following spells:

 Your Spells              Type           Power        Failure   Level
a - Freeze                Ice            ####         1%          1

Your spell library contained the following spells:

 Spells                   Type           Power        Failure   Level
 Frozen Ramparts          Ice            ####..       2%          3
 Ozocubu's Armour         Ice            ####....     2%          3
 Hailstorm                Conj/Ice       ###.....     30%         4
 Summon Ice Beast         Ice/Summ       ###.....     30%         4


Dungeon Overview and Level Annotations

Branches:
Dungeon (2/15)

Altars:


Innate Abilities, Weirdness & Mutations

Your experience applies equally to all skills.
You have very sharp teeth.
Your uncanny sense of smell can sniff out nearby items.


Message History

The worm is lightly wounded.
The worm bites you.
* * * LOW HITPOINT WARNING * * *
Casting: Freeze (safe; 1% risk of failure)
Confirm with . or Enter, or press ? or * to list all spells.
Aiming: Freeze (safe; 1% risk of failure)
Press: ? - help, Shift-Dir - straight line, f/p - worm
Aim: a worm You freeze the worm.
The worm is moderately wounded.
Unknown command.
Casting: Freeze (safe; 1% risk of failure)
Confirm with . or Enter, or press ? or * to list all spells.
Aiming: Freeze (safe; 1% risk of failure)
Press: ? - help, Shift-Dir - straight line, f/p - worm
Aim: a worm (moderately wounded)
You freeze the worm.
The worm is severely wounded.
The worm bites you.
You die...

### ### ### ### #.######.#
#.#########.# #........#
#....##.....# #.######.#
#.##w##.###.# #.# #.# #.##@##.#
#.# #.######.###.##^##.###.#
#.##.......#w#...#.#.#.#
#.##.#...#.#>###.#.#.#.#
#.##.#.###.#.......#.#.#########
#.##............................
#.#.....(#.###...###.#..........
#.#......#.###.#.....#.######..#
##.#......#...#.###############.#


You could see a worm.

Vanquished Creatures
  An adder (D:2)
  2 bats (D:1)
  A giant cockroach (D:1)
  2 goblins
  A hobgoblin (D:1)
  3 kobolds (D:1)
  A ball python (D:1)
  A rat (D:1)
12 creatures vanquished.

Notes
Turn   | Place    | Note
-------+----------+-------------------------------------------
     0 | D:1      | robertstho the Gnoll Ice Elementalist began the quest for
                  | the Orb.
     0 | D:1      | Reached XP level 1. HP: 13/13 MP: 6/6
   652 | D:1      | Reached XP level 2. HP: 14/19 MP: 2/7
  1139 | D:1      | Slain by a worm

Illustrated notes

Levels and vault maps discovered:
D:1:      co_arrival_square_in_a_square_in_a_square, layout_basic
D:2:      layout_basic

Action                   || total
-------------------------++-------
Melee: Unarmed           ||     6
       Dagger            ||     6
 Cast: Freeze            ||    22
 Stab: Sleeping          ||     2
Armor: Robe              ||     5
Dodge: Dodged            ||    26

Table legend: (Time is in decaauts)
 A = Elapsed time spent in this place.
 B = Non-inter-level travel time spent in this place.
 C = Inter-level travel time spent in this place.
 D = Time resting spent in this place.
 E = Time spent auto-exploring this place.
 F = Levels seen in this place.
 G = Mean time per level.
                   A        B        C        D        E       F      G
               +--------+--------+--------+--------+--------+-----+--------+
         Total |   1138 |   1137 |      1 |     20 |   1020 |   2 |  569.0 |
       Dungeon |   1138 |   1137 |      1 |     20 |   1020 |   2 |  569.0 |
               +--------+--------+--------+--------+--------+-----+--------+

Top non-repeatable levels by time:
     D:1: 1122 daAuts
     D:2: 16 daAuts
